[ AOE2 MATCH · #507385732 ]
UnrankedHuns vs Britons
Player's team · WIN
Rival team · LOSS
[ REPLAY ANALYSIS · EXTRACTED FROM THE RECORDED GAME ]
Feudal
10:01
Castle
—
Imperial
—
| APM avg | 84.1 |
| APM peak | 136 |
| eAPM avg | 29.2 |
| Villagers / military | 39 / 41 |
Focus
⚔️ 37.4% · 🌾 62.6%
Archer ×29 · Skirmisher ×9 · Militia ×3
Feudal
9:01
Castle
—
Imperial
—
| APM avg | 57.0 |
| APM peak | 81 |
| eAPM avg | 21.8 |
| Villagers / military | 48 / 12 |
Focus
⚔️ 22.8% · 🌾 77.2%
Archer ×5 · Skirmisher ×5 · Spearman ×2
Match map
Initial resources + every placement click. Lines = walls · curves = elevation contours. ◆ gold · ⬟ stone · ● berries · ✦ relic · ◌ wall gap
Your base· Open — unwalled flank
SaintJustice's base· Open — unwalled flank
Smoothed initial terrain · ◌ = detected wall gap · hover for details
Inputs per minute
— Pedro - - SaintJustice
Build order — Pedro
112 actions detected in the replay
| 0:00 | Create | Villager (Male) |
| 0:01 | Create | Villager (Male) |
| 0:10 | Create | Villager (Male) |
| 0:29 | Create | Villager (Male) |
| 1:18 | Create | Villager (Male) |
| 1:52 | Create | Villager (Male) |
| 1:54 | Build | Lumber Camp |
| 2:03 | Create | Villager (Male) |
| 2:23 | Create | Villager (Male) |
| 2:52 | Create | Villager (Male) |
| 3:04 | Create | Villager (Male) |
| 3:57 | Create | Villager (Male) |
| 3:59 | Create | Villager (Male) |
| 4:29 | Create | Villager (Male) |
| 4:45 | Build | Barracks |
| 5:04 | Create | Villager (Male) |
| 5:17 | Create | Villager (Male) |
| 5:33 | Create | Villager (Male) |
| 5:42 | Create | Militia |
| 5:42 | Create | Militia |
| 5:45 | Create | Villager (Male) |
| 6:04 | Build | Mill |
| 6:05 | Create | Militia |
| 6:17 | Create | Villager (Male) |
| 6:23 | Create | Villager (Male) |
| 6:42 | Create | Villager (Male) |
| 6:52 | Research | Loom |
| 7:51 | Research | Feudal Age |
| 8:11 | Build | Lumber Camp |
| 8:57 | Build | Mining Camp |
| 9:40 | Create | Villager (Male) |
| 10:01 | Age | Feudal Age |
| 10:07 | Create | Villager (Male) |
| 10:09 | Build | Archery Range |
| 10:22 | Research | Man-at-Arms (upgrade) |
| 10:23 | Research | Double-Bit Axe |
| 10:37 | Create | Villager (Male) |
| 10:43 | Build | Archery Range |
| 10:47 | Create | Archer |
| 10:47 | Create | Archer |
| 11:14 | Create | Villager (Male) |
| 11:20 | Create | Archer |
| 11:20 | Create | Archer |
| 11:49 | Create | Villager (Male) |
| 11:50 | Create | Archer |
| 11:59 | Create | Archer |
| 12:09 | Create | Skirmisher |
| 12:18 | Create | Villager (Male) |
| 12:33 | Create | Archer |
| 12:36 | Create | Skirmisher |
| 12:36 | Create | Skirmisher |
| 12:58 | Create | Archer |
| 12:58 | Create | Archer |
| 12:58 | Create | Skirmisher |
| 13:04 | Build | Blacksmith |
| 13:13 | Create | Skirmisher |
| 13:13 | Create | Skirmisher |
| 13:20 | Create | Archer |
| 13:29 | Create | Archer |
| 13:30 | Create | Skirmisher |
| 13:30 | Create | Skirmisher |
| 13:40 | Create | Archer |
| 13:40 | Create | Villager (Male) |
| 13:51 | Create | Archer |
| 13:58 | Research | Fletching |
| 13:58 | Create | Villager (Male) |
| 13:59 | Create | Archer |
| 14:00 | Create | Skirmisher |
| 14:10 | Create | Archer |
| 14:18 | Build | Watch Tower |
| 14:38 | Create | Villager (Male) |
| 14:43 | Build | Farm |
| 14:46 | Build | Farm |
| 14:47 | Build | Farm |
| 15:05 | Create | Villager (Male) |
| 15:06 | Create | Archer |
| 15:08 | Build | Farm |
| 15:08 | Build | Farm |
| 15:09 | Build | Farm |
| 15:09 | Build | Farm |
| 15:11 | Create | Villager (Male) |
| 15:19 | Create | Archer |
| 15:19 | Create | Archer |
| 15:44 | Create | Archer |
| 15:45 | Create | Archer |
| 15:49 | Build | Farm |
| 15:56 | Build | Watch Tower |
| 15:59 | Create | Archer |
| 16:00 | Create | Villager (Male) |
| 16:28 | Build | Watch Tower |
| 16:31 | Create | Archer |
| 16:31 | Create | Archer |
| 16:34 | Create | Villager (Male) |
| 16:37 | Build | Farm |
| 16:40 | Create | Villager (Male) |
| 17:32 | Create | Archer |
| 17:33 | Create | Archer |
| 17:33 | Create | Archer |
| 17:34 | Create | Archer |
| 17:38 | Create | Villager (Male) |
| 17:40 | Build | Farm |
| 17:41 | Build | Farm |
| 17:51 | Build | Watch Tower |
| 18:26 | Create | Villager (Male) |
| 18:28 | Build | Farm |
| 18:28 | Create | Villager (Male) |
| 18:58 | Create | Archer |
| 18:58 | Create | Archer |
| 18:58 | Create | Villager (Male) |
| 19:09 | Build | Farm |
| 19:54 | Build | Farm |
| 19:54 | Create | Villager (Male) |
Build order — SaintJustice
114 actions detected in the replay
| 0:02 | Build | House |
| 0:04 | Build | House |
| 0:05 | Create | Villager (Male) |
| 0:05 | Create | Villager (Male) |
| 0:05 | Create | Villager (Male) |
| 0:05 | Create | Villager (Male) |
| 0:06 | Create | Villager (Male) |
| 1:22 | Create | Villager (Male) |
| 1:22 | Create | Villager (Male) |
| 1:55 | Create | Villager (Male) |
| 1:55 | Create | Villager (Male) |
| 1:59 | Create | Villager (Male) |
| 2:32 | Create | Villager (Male) |
| 2:32 | Create | Villager (Male) |
| 2:47 | Build | Lumber Camp |
| 3:05 | Build | House |
| 3:06 | Build | House |
| 3:09 | Create | Villager (Male) |
| 3:10 | Create | Villager (Male) |
| 3:10 | Create | Villager (Male) |
| 4:05 | Create | Villager (Male) |
| 4:06 | Create | Villager (Male) |
| 4:15 | Create | Villager (Male) |
| 5:14 | Create | Villager (Male) |
| 5:35 | Create | Villager (Male) |
| 6:01 | Build | Mill |
| 6:10 | Create | Villager (Male) |
| 6:22 | Research | Loom |
| 6:34 | Build | House |
| 6:36 | Build | Palisade Wall |
| 6:49 | Create | Villager (Male) |
| 6:51 | Research | Feudal Age |
| 6:51 | Research | Feudal Age |
| 7:13 | Create | Villager (Male) |
| 7:13 | Create | Villager (Male) |
| 7:32 | Build | House |
| 7:41 | Build | House |
| 7:51 | Build | Palisade Wall |
| 7:54 | Build | House |
| 8:01 | Build | Palisade Wall |
| 8:56 | Build | Palisade Wall |
| 9:00 | Build | Palisade Wall |
| 9:01 | Age | Feudal Age |
| 9:02 | Build | Palisade Wall |
| 9:04 | Build | Palisade Wall |
| 9:05 | Build | Palisade Wall |
| 9:28 | Build | Barracks |
| 9:35 | Build | House |
| 9:38 | Create | Villager (Male) |
| 9:44 | Build | House |
| 9:51 | Build | Palisade Wall |
| 9:59 | Build | Palisade Wall |
| 10:01 | Build | Palisade Wall |
| 10:04 | Create | Villager (Male) |
| 10:22 | Create | Villager (Male) |
| 10:33 | Build | Archery Range |
| 10:43 | Create | Villager (Male) |
| 10:54 | Create | Villager (Male) |
| 11:11 | Create | Spearman |
| 11:31 | Build | Farm |
| 11:34 | Create | Villager (Male) |
| 11:50 | Create | Archer |
| 11:50 | Create | Archer |
| 11:53 | Build | Farm |
| 11:54 | Build | Farm |
| 11:56 | Build | Farm |
| 12:01 | Create | Villager (Male) |
| 12:12 | Create | Villager (Male) |
| 12:15 | Build | Farm |
| 12:43 | Create | Archer |
| 12:47 | Create | Villager (Male) |
| 12:52 | Build | Farm |
| 13:04 | Create | Villager (Male) |
| 13:09 | Build | Mining Camp |
| 13:19 | Create | Villager (Male) |
| 13:38 | Build | Farm |
| 13:39 | Create | Villager (Male) |
| 13:43 | Build | House |
| 13:51 | Create | Skirmisher |
| 14:04 | Build | Farm |
| 14:12 | Build | House |
| 14:19 | Create | Villager (Male) |
| 14:20 | Create | Skirmisher |
| 14:26 | Create | Villager (Male) |
| 14:37 | Create | Archer |
| 14:45 | Build | House |
| 14:48 | Build | Palisade Wall |
| 14:55 | Create | Spearman |
| 14:58 | Create | Villager (Male) |
| 15:04 | Build | House |
| 15:07 | Build | Palisade Wall |
| 15:16 | Create | Villager (Male) |
| 15:21 | Build | Farm |
| 15:25 | Create | Archer |
| 16:12 | Build | Farm |
| 16:13 | Create | Villager (Male) |
| 16:29 | Build | Market |
| 16:55 | Create | Villager (Male) |
| 16:57 | Create | Skirmisher |
| 16:58 | Create | Skirmisher |
| 17:04 | Build | Watch Tower |
| 17:20 | Create | Villager (Male) |
| 17:22 | Build | Farm |
| 17:24 | Create | Villager (Male) |
| 18:01 | Build | Farm |
| 18:21 | Build | Farm |
| 18:22 | Build | Farm |
| 18:23 | Create | Villager (Male) |
| 18:25 | Create | Skirmisher |
| 18:55 | Create | Villager (Male) |
| 18:57 | Create | Villager (Male) |
| 19:02 | Build | Farm |
| 19:10 | Build | Blacksmith |
| 19:23 | Create | Villager (Male) |
Match timeline
| 4:45 | Pedro · first_building Barracks |
| 6:36 | SaintJustice · wall_segment Palisade Wall x6 |
| 7:51 | SaintJustice · wall_segment Palisade Wall x1 |
| 8:01 | SaintJustice · wall_segment Palisade Wall x1 |
| 8:56 | SaintJustice · wall_segment Palisade Wall x1 |
| 9:00 | SaintJustice · wall_segment Palisade Wall x1 |
| 9:01 | SaintJustice · age_up feudal |
| 9:02 | SaintJustice · wall_segment Palisade Wall x1 |
| 9:04 | SaintJustice · wall_segment Palisade Wall x1 |
| 9:05 | SaintJustice · wall_segment Palisade Wall x1 |
| 9:28 | SaintJustice · first_building Barracks |
| 9:51 | SaintJustice · wall_segment Palisade Wall x1 |
| 9:59 | SaintJustice · wall_segment Palisade Wall x1 |
| 10:01 | Pedro · age_up feudal |
| 10:01 | SaintJustice · wall_segment Palisade Wall x1 |
| 10:09 | Pedro · first_building Archery Range |
| 10:33 | SaintJustice · first_building Archery Range |
| 14:48 | SaintJustice · wall_segment Palisade Wall x13 |
| 15:07 | SaintJustice · wall_segment Palisade Wall x7 |
| 19:55 | SaintJustice · resign |
[ AI ANALYSIS · 1 CREDIT ]
What really happened in this match?
Wolo.gg analyzes every decision: build order, eco, micro, common mistakes by bracket. Personalized analysis on WhatsApp or Discord in 30 seconds.
Civ guide
Huns
Perfil
Jugador #339375